 Dungeon Crawl Stone Soup version 0.26-a0-455-g0958c02 (webtiles) character file.

Game seed: 10836251470829235232

158 HungryMoth the Digger (level 5, -1/35 HPs)
             Began as a Formicid Earth Elementalist on July 29, 2020.
             Was a Follower of Vehumet.
             Slain by Purgy (5 damage)
             ... on level 3 of the Dungeon.
             The game lasted 00:11:42 (2436 turns).

HungryMoth the Digger (Formicid Earth Elementalist) Turns: 2436, Time: 00:11:43

Health: -1/35      AC:  2    Str: 13    XL:     5   Next: 67%
Magic:  10/10      EV: 12    Int: 15    God:    Vehumet [*.....]
Gold:   105        SH:  0    Dex: 11    Spells: 2/11 levels left

rFire    . . .     SeeInvis +   g - +2 whip (venom)
rCold    . . .     Faith    .   (no shield)
rNeg     . . .     Spirit   .   c - +0 robe
rPois    .         Reflect  .   (helmet unavailable)
rElec    .         Harm     .   (no cloak)
rCorr    .                      (no gloves)
MR       .....                  (no boots)
Stlth    +.........             (no amulet)
HPRegen  0.11/turn              (no ring)
MPRegen  0.12/turn              (no ring)

@: confused, mighty, stab
A: permanent stasis, dig shafts and tunnels, four strong arms, antennae 3
a: Dig, Shaft Self, Renounce Religion


You were on level 3 of the Dungeon.
You worshipped Vehumet.
Vehumet was aware of your devotion.
You visited 1 branch of the dungeon, and saw 3 of its levels.
You also visited: Sewer.

You collected 105 gold pieces.

Inventory:

Hand Weapons
 g - a +2 whip of venom (weapon)
Missiles
 b - 130 stones
 l - 23 poisoned darts (quivered)
Armour
 c - a +0 robe (worn)
 u - a +0 leather armour
Wands
 r - a wand of flame (23)
Scrolls
 e - 5 scrolls of identify {unknown}
 i - 4 scrolls of fog {unknown}
 k - a scroll of enchant weapon {unknown}
 n - 2 scrolls of magic mapping {unknown}
 p - a scroll of amnesia {unknown}
 q - 2 scrolls of remove curse {unknown}
Potions
 d - 2 potions of might
 j - a potion of lignification {unknown}
 m - a potion of ambrosia
 o - 2 potions of brilliance {unknown}
 s - 3 potions of curing {unknown}
 t - a potion of resistance {unknown}
 v - a potion of cancellation {unknown}
 w - a potion of flight {unknown}
 x - a potion of heal wounds {unknown}


   Skills:
 - Level 1.7 Dodging
 - Level 2.4 Stealth
 + Level 3.9 Spellcasting
   Level 1.1 Transmutations
 * Level 5.9 Earth Magic


You had 2 spell levels left.
You knew the following spells:

 Your Spells              Type           Power        Failure   Level
a - Sandblast             Erth           ###...       1%          1
d - Lee's Rapid Deconstr  Erth           ###.......   41%         5
f - Stone Arrow           Conj/Erth      ##....       16%         3

Your spell library contained the following spells:

 Spells                   Type           Power        Failure   Level
 Shock                    Conj/Air       #...         19%         1
 Passwall                 Tmut/Erth      ##......     6%          2
 Petrify                  Tmut/Erth      ##......     38%         4


Dungeon Overview and Level Annotations

Branches:
Dungeon (3/15)              Sewer (visited)

Altars:
Hepliaklqana
Vehumet

Annotations:
D:3 1 runed translucent door, HungryMoth's ghost, amateur FoEE; Purgy


Innate Abilities, Weirdness & Mutations

You cannot be hasted, slowed, berserked, paralysed or teleported.
You can dig through walls and to a lower floor.
Your four strong arms can wield two-handed weapons with a shield.
You have a pair of large antennae on your head. (SInv)


Message History

Okay, then.
It was a potion of stabbing.
You feel ready to backstab. Purgy bites you. Purgy claws you. x2
It was a potion of haste.
Your stasis prevents you from being hasted.
Purgy bites you! Purgy claws you.
* * * LOW HITPOINT WARNING * * *
Purgy claws you.
* * * LOW HITPOINT WARNING * * *
It was a potion of might.
You feel very mighty all of a sudden. Purgy bites you.
* * * LOW HITPOINT WARNING * * *
Purgy claws you but does no damage. Purgy claws you.
* * * LOW HITPOINT WARNING * * *
It was a potion of ambrosia.
You are confused.
You feel invigorated. Purgy bites you.
You die...

{ ....... ###....#
#.....# ......#
#.....#
#....#####..[..
#######....##........
...#.......##.##..#
.....##...........#
...####...........#
#### #....≈†≈.T@.#
#...≈≈≈≈≈...#
#...≈≈.≈≈...#
#...≈≈≈≈≈...#
##...≈≈≈....#
#..........#
#..........#
#####......# ########


You could see Purgy.

Vanquished Creatures
  Natasha (twice) (D:2)
  4 adders
  A worm (D:3)
  2 dart slugs (D:1)
  An orc (D:2)
  A ball python (D:2)
  7 bats
  5 giant cockroaches
  7 goblins
  9 hobgoblins
  2 jackals (D:1)
  5 frilled lizards
  10 kobolds
  A leopard gecko skeleton (D:3)
  6 rats
63 creatures vanquished.

Vanquished Creatures (others)
  Natasha (D:2)
  A worm (D:2)
2 creatures vanquished.

Grand Total: 65 creatures vanquished

Notes
Turn   | Place    | Note
-------+----------+-------------------------------------------
     0 | D:1      | HungryMoth the Formicid Earth Elementalist began the quest
                  | for the Orb.
     0 | D:1      | Reached XP level 1. HP: 13/13 MP: 3/3
   141 | D:1      | Reached skill level 4 in Earth Magic
   141 | D:1      | Reached XP level 2. HP: 19/19 MP: 1/5
   554 | D:1      | Reached XP level 3. HP: 12/24 MP: 7/7
  1305 | D:2      | Reached XP level 4. HP: 28/30 MP: 4/8
  1403 | D:2      | Found a radiant altar of Vehumet.
  1403 | D:2      | Noticed Natasha
  1405 | D:2      | Killed Natasha
  1419 | D:2      | Became a worshipper of Vehumet
  1467 | D:2      | Noticed Natasha
  1583 | D:2      | Learned a level 3 spell: Stone Arrow
  1604 | D:2      | Reached skill level 5 in Earth Magic
  1633 | D:2      | Killed Natasha
  1633 | D:2      | Reached XP level 5. HP: 8/35 MP: 3/10
  1662 | D:2      | Noticed Natasha
  1664 | D:2      | Killed Natasha
  2124 | D:3      | Found a hazy altar of Hepliaklqana.
  2172 | D:3      | Found a runed translucent door.
  2174 | D:3      | Noticed HungryMoth's ghost (amateur FoEE)
  2201 | D:3      | Learned a level 5 spell: Lee's Rapid Deconstruction
  2264 | D:3      | Found a glowing drain.
  2283 | D:3      | Reached * piety under Vehumet
  2283 | D:3      | Offered knowledge of Shock by Vehumet.
  2298 | Sewer    | Entered a sewer
  2413 | Sewer    | Noticed Purgy
  2435 | D:3      | HP: 1/35 [Purgy (1)]
  2436 | D:3      | Slain by Purgy

Illustrated notes

Levels and vault maps discovered:
D:1:      dpeg_arrival_shrine, layout_loops_ring
D:2:      layout_rooms, fiery_altar_vehumet, minmay_liquid_box,
          skrybe_limestone_x, hangedman_decor_growths, uniq_natasha
D:3:      minmay_bubble_buster, layout_rooms, lemuel_doored_altar,
          portal_sewer_entry_a, ebering_ghost_inner_flame, minmay_checkerbox

Skill      XL: |  1  2  3  4 |
---------------+-------------+-----
Earth Magic    | 4 5 |  5.9
Spellcasting   | 3 |  3.9
Dodging        | |  1.7
Stealth        | |  2.4
Transmutations | |  1.1

Action                   |  1- 3 |  4- 6 || total
-------------------------+-------+-------++-------
Melee: Whip              |    62 |    29 ||    91
       Club              |     2 |       ||     2
Throw: Dart              |       |     6 ||     6
 Cast: Sandblast         |    14 |    26 ||    40
       Stone Arrow       |       |     2 ||     2
  Use: Potion            |       |     4 ||     4
 Stab: Sleeping          |     6 |     2 ||     8
Armor: Robe              |    13 |     4 ||    17
Dodge: Dodged            |    45 |    25 ||    70

Table legend: (Time is in decaauts)
 A = Elapsed time spent in this place.
 B = Non-inter-level travel time spent in this place.
 C = Inter-level travel time spent in this place.
 D = Time resting spent in this place.
 E = Time spent auto-exploring this place.
 F = Levels seen in this place.
 G = Mean time per level.
                   A        B        C        D        E       F      G
               +--------+--------+--------+--------+--------+-----+--------+
         Total |   2449 |   2368 |     81 |    786 |    798 |   4 |  612.2 |
       Dungeon |   2319 |   2238 |     81 |    786 |    798 |   3 |  773.0 |
         Sewer |    129 |    129 |      0 |      0 |      0 |   1 |  129.0 |
               +--------+--------+--------+--------+--------+-----+--------+

Top non-repeatable levels by time:
     D:2: 1104 daAuts
     D:1: 1029 daAuts
     D:3: 186 daAuts
   Sewer: 129 daAuts
